 Dungeon Crawl Stone Soup version 0.21-a0-528-gf531e82 (webtiles) character file.

89 Svalin the Chopper (level 4, -2/39 HPs)
             Began as a Hill Orc Fighter on Dec 8, 2017.
             Killed by nerve-wracking pain
             ... invoked by Grinder
              (4 damage)
             ... while paralysed by Grinder
             ... on level 3 of the Dungeon.
             The game lasted 00:04:33 (1581 turns).

Svalin the Chopper (Hill Orc Fighter)               Turns: 1581, Time: 00:04:34

Health: -2/39      AC:  7    Str: 24    XL:     4   Next: 55%
Magic:  4/4        EV:  2    Int:  8    God:
Gold:   107        SH:  0    Dex: 10    Spells: 3/3 levels left

rFire    . . .     SeeInvis .   a - +1 war axe
rCold    . . .     Gourm    .   (no shield)
rNeg     . . .     Faith    .   b - +1 scale mail
rPois    .         Spirit   .   (no helmet)
rElec    .         Reflect  .   (no cloak)
rCorr    .         Harm     .   (no gloves)
MR       .....                  (no boots)
Stlth    ..........             (no amulet)
HPRegen  0.13/turn              (no ring)
MPRegen  0.09/turn              (no ring)

@: paralysed, mighty
A: no striking features
a: no special abilities


You were on level 3 of the Dungeon.
You were not hungry.

You visited 1 branch of the dungeon, and saw 3 of its levels.

You collected 107 gold pieces.

Inventory:

Hand Weapons
 a - a +1 war axe (weapon)
Armour
 b - a +1 scale mail (worn)
Scrolls
 e - 6 scrolls of identify
 g - a scroll of magic mapping {unknown}
 m - a scroll of fear {unknown}
Potions
 c - a potion of lignification
 j - a potion of curing {unknown}
 n - a potion of ambrosia {unknown}
Comestibles
 f - 2 bread rations
 h - 3 meat rations
 i - 4 fruits
 k - a chunk of flesh
 l - a royal jelly


   Skills:
 - Level 3.6 Fighting
 + Level 6.2 Axes
 - Level 3.2 Armour
   Level 3.2 Shields


You had 3 spell levels left.
You didn't know any spells.

Dungeon Overview and Level Annotations

Branches:
Dungeon (3/15)

Altars:

Annotations:
D:3 Grinder


Message History

You closely miss Grinder. Grinder closely misses you.
You barely miss Grinder. Grinder misses you.
You barely miss Grinder. Grinder gestures at you.
You barely resist. You slash Grinder!
Grinder is moderately wounded.
Grinder barely misses you.
You slice Grinder!!
Grinder is almost dead.
Grinder hits you but does no damage. Grinder gestures at you.
You suddenly lose the ability to move!
Grinder hits you!
* * * LOW HITPOINT WARNING * * *
You writhe in agony.
* * * LOW HITPOINT WARNING * * *
Grinder gestures at you. Pain shoots through your body!
You die...

#####.......#######
#...........#
########..#.#
##...# ##..# ##.#
#.# .########.#
.....b5@..#
.....K###.# ...##
..# . ..# #..# #.##
..


You could see Grinder, a bat and a kobold.

Vanquished Creatures
  A hound (D:2)
  2 adders (D:2)
  3 leopard geckos
  10 goblins
  2 hobgoblins (D:1)
  2 jackals (D:2)
  2 ball pythons
  3 bats
  A frilled lizard (D:2)
  7 kobolds
  4 rats (D:1)
37 creatures vanquished.

Notes
Turn   | Place    | Note
-------+----------+-------------------------------------------
     0 | D:1      | Svalin the Hill Orc Fighter began the quest for the Orb.
     0 | D:1      | Reached XP level 1. HP: 19/19 MP: 1/1
    10 | D:1      | Noticed a halfling
    10 | D:1      | Noticed a draconian
    12 | D:1      | Noticed a vine stalker
    12 | D:1      | Noticed a demonspawn
    14 | D:1      | Noticed a ghoul
    14 | D:1      | Noticed a minotaur
    16 | D:1      | Noticed a troll
    18 | D:1      | Noticed a demigod
    18 | D:1      | Noticed a naga
    20 | D:1      | Noticed a human
    20 | D:1      | Noticed an octopode
    22 | D:1      | Noticed a gargoyle
    22 | D:1      | Noticed a centaur
    24 | D:1      | Noticed a vampire
    24 | D:1      | Noticed a spriggan
    26 | D:1      | Noticed a felid
    26 | D:1      | Noticed a dwarf
    29 | D:1      | Noticed a formicid
    33 | D:1      | Noticed an elf
    33 | D:1      | Noticed a merfolk
    35 | D:1      | Noticed a tengu
    35 | D:1      | Noticed an ogre
    53 | D:1      | Reached skill level 3 in Axes
    75 | D:1      | Reached XP level 2. HP: 26/26 MP: 2/2
   317 | D:1      | Reached skill level 4 in Axes
   683 | D:1      | Reached XP level 3. HP: 29/31 MP: 3/3
   815 | D:2      | Reached skill level 5 in Axes
   866 | D:2      | Reached XP level 4. HP: 39/39 MP: 4/4
  1317 | D:2      | Reached skill level 6 in Axes
  1564 | D:3      | Noticed Grinder
  1568 | D:3      | Paralysed by Grinder for 5 turns
  1579 | D:3      | Paralysed by Grinder for 4 turns
  1581 | D:3      | Killed from afar by Grinder

Vault maps used:
D:1:      kb_arrival_jail, minmay_misc_feat_tiny
D:2:      first_bread, minmay_misc_feat_hallway
D:3:      minitemple, okawaru_gym_becter, uniq_grinder

Skill      XL: |  1  2  3  4 |
---------------+-------------+-----
Axes           | 3 4 5 6 |  6.2
Fighting       | |  3.6
Armour         | |  3.2
Shields        | |  3.2

Action                   |  1- 3 |  4- 6 || total
-------------------------+-------+-------++-------
Melee: War axe           |    71 |    48 ||   119
  Use: Scroll            |     4 |     3 ||     7
       Potion            |       |     1 ||     1
  Eat: Royal jelly       |       |     1 ||     1
       Chunk             |       |     1 ||     1
Armor: Scale mail        |    36 |    31 ||    67
Dodge: Dodged            |    55 |    25 ||    80

Table legend:
 A = Spawn XP
 B = Non-spawn XP
 C = Spawn XP percentage of total XP
 D = Spawn monster count
 E = Non-spawn monster count
 F = Spawn count percentage of total count
 G = Total turns spent on level
                    A         B        C        D         E        F      G
               +---------+---------+-------+---------+---------+-------+---------
         Total |       0 |     128 |   0.0 |       0 |      37 |   0.0 |  1581
               +---------+---------+-------+---------+---------+-------+---------
           D:1 |       0 |      35 |   0.0 |       0 |      22 |   0.0 |   790
           D:2 |       0 |      89 |   0.0 |       0 |      13 |   0.0 |   726
           D:3 |       0 |       4 |   0.0 |       0 |       2 |   0.0 |    65
               +---------+---------+-------+---------+---------+-------+---------
